 Dungeon Crawl Stone Soup version 0.28.0-45-g0d030f2227 (console) character file.

Game seed: 10147873418996826163

73 Zeor the Slasher (level 4, -5/37 HPs)
             Began as a Palentonga Berserker on Apr 4, 2022.
             Was a Follower of Trog.
             Slain by an orc priest
             ... wielding a +2 hand axe of venom
              (6 damage)
             ... on level 3 of the Dungeon.
             The game lasted 00:08:06 (2368 turns).

Zeor the Slasher (Palentonga Berserker)             Turns: 2368, Time: 00:08:07

Health: -5/37      AC:  8    Str: 22    XL:     4   Next: 8%
Magic:  4/4        EV:  4    Int: 12    God:    Trog [*.....]
Gold:   65         SH:  6    Dex:  9    Spells: 3/3 levels left

rFire   + . .      SeeInvis +   a - +0 falchion
rCold   . . .      Faith    .   k - +0 kite shield of Noughts and Crosses {rPois rF+ Int+4}
rNeg    . . .      Spirit   .   g - +0 chain mail
rPois   +          Reflect  .   (no helmet)
rElec   .          Harm     .   i - scarf {repulsion}
rCorr   .          Rampage  .   h - +0 pair of gloves
Will    .....                   (no barding)
Stlth   ..........              (no amulet)
HPRegen 0.12/turn               (no ring)
MPRegen 0.09/turn               (no ring)

@: lethally poisoned (-5 -> -12), repel missiles
A: large, rugged brown scales 3, see invisible, deformed body, roll 1, armoured
tail
a: Rolling Charge, Renounce Religion, Berserk


You were on level 3 of the Dungeon.
You worshipped Trog.
Trog was aware of your devotion.
You visited 1 branch of the dungeon, and saw 3 of its levels.

You collected 65 gold pieces.

Inventory:

Hand Weapons
 a - a +0 falchion (weapon)
 b - the +5 hunting sling "Nepevuwi" {vorpal, rElec}
   (You found it on level 2 of the Dungeon)

   Any ammunition fired from it inflicts extra damage upon your enemies.
   rElec:     It insulates you from electricity.
 d - a +2 dagger of venom
Missiles
 j - 27 sling bullets
 m - 52 arrows
Armour
 g - a +0 chain mail (worn)
 h - a +0 pair of gloves (worn)
 i - a scarf of repulsion (worn)
 k - the +0 kite shield of Noughts and Crosses (worn) {rPois rF+ Int+4}
   (You acquired it on level 2 of the Dungeon)

   Int:       It affects your intelligence (+4).
   rF:        It protects you from fire.
   rPois:     It protects you from poison.
Scrolls
 f - 2 scrolls of teleportation
Potions
 c - 2 potions of flight
 l - a potion of curing {unknown}
 n - a potion of attraction {unknown}


   Skills:
 + Level 3.4 Fighting
 + Level 4.0 Long Blades
 + Level 2.0 Armour
 + Level 1.7 Dodging
 * Level 0.8 Shields


You had 3 spell levels left.
You didn't know any spells.
Your spell library was empty.

Dungeon Overview and Level Annotations

Branches:
Dungeon (3/15)

Altars:


Innate Abilities, Weirdness & Mutations

You are completely covered in rugged brown scales. (AC +3, +7% HP)
You have supernaturally acute eyesight. (SInv)
Armour fits poorly on your strangely shaped body.
You can roll at nearby foes to attack.
You have a long armoured tail.


Message History

You block the orc's attack. The orc hits you with a +0 war axe.
You hit the orc priest.
The orc priest is lightly wounded.
The orc hits you but does no damage. The orc hits you with a +0 war axe.
The orc priest hits you but does no damage.
You hit the orc priest but do no damage.
Your tail-slap misses the orc priest.
The orc priest is lightly wounded.
The orc hits you but does no damage. You block the orc's attack.
You block the orc priest's attack. The orc hits you with a +0 club.
You hit the orc priest but do no damage.
The orc priest is lightly wounded.
The orc hits you but does no damage.
The orc priest hits you but does no damage.
You are poisoned.
The orc hits you but does no damage. The orc barely misses you.
The orc priest miscasts a cantrip.
You closely miss the orc priest.
The orc priest is lightly wounded.
You feel very sick. The orc barely misses you.
The orc hits you but does no damage.
The orc priest hits you but does no damage.
You are lethally poisoned!
You barely miss the orc priest.
The orc priest is lightly wounded.
* * * LOW HITPOINT WARNING * * *
You feel very sick. The orc hits you with a +0 club.
* * * LOW HITPOINT WARNING * * *
The orc barely misses you.
The orc priest hits you with a +2 hand axe of venom.
* * * LOW HITPOINT WARNING * * *
The orc hits you with a +0 club.
* * * LOW HITPOINT WARNING * * *
It was a potion of cancellation.
You feel magically purged.
* * * LOW HITPOINT WARNING * * *
You feel very sick. The orc hits you but does no damage.
The orc priest hits you with a +2 hand axe of venom.
You die...

▒ ▒▒▒ ▒ ∙∙▒ ∙∙▒∙▒
▒∙∙∙∙∙ ▒ ▒>▒∙▒
▒∙▒∙∙∙∙▒▒▒▒▒<▒∙▒▒▒▒∙
▒∙▒∙∙▒∙▒∙o∙∙∙∙∙∙∙∙∙∙
▒∙▒∙∙∙∙oH∙∙∙∙∙∙∙∙∙∙∙
▒∙▒∙∙▒▒▒o▒▒>∙▒∙▒▒▒▒∙
▒∙▒∙∙▒ ▒∙▒▒∙∙▒ ▒
▒∙▒∙∙▒▒▒∙▒▒∙∙▒ ▒
▒<∙∙∙∙∙∙∙∙∙∙∙▒∙▒
▒▒▒∙∙∙∙)∙∙∙∙†∙∙▒
▒▒∙▒▒▒∙∙∙∙∙∙∙∙∙∙∙∙
▒∙∙▒▒∙∙▒∙∙▒▒▒▒▒▒∙
∙∙▒▒∙∙▒∙∙▒


You could see an orc priest and 2 orcs.

Vanquished Creatures
  3 gnolls (D:2)
  2 worms (D:2)
  An orc (D:3)
  7 ball pythons
  4 endoplasms
  A giant cockroach (D:2)
  5 goblins
  3 hobgoblins
  A quokka (D:1)
  3 bats (D:1)
  3 kobolds (D:1)
  2 rats
35 creatures vanquished.

Vanquished Creatures (others)
  A fungus (D:2)
1 creature vanquished.

Grand Total: 36 creatures vanquished

Notes
Turn   | Place    | Note
-------+----------+-------------------------------------------
     0 | D:1      | Zeor the Palentonga Berserker began the quest for the Orb.
     0 | D:1      | Reached XP level 1. HP: 19/19 MP: 1/1
     2 | D:1      | Noticed a human
     2 | D:1      | Noticed a minotaur
     4 | D:1      | Noticed an elf
     4 | D:1      | Noticed a ghoul
     6 | D:1      | Noticed a troll
     8 | D:1      | Noticed a vine stalker
    10 | D:1      | Noticed a formicid
    12 | D:1      | Noticed a tengu
    12 | D:1      | Noticed an octopode
    14 | D:1      | Noticed an ogre
    14 | D:1      | Noticed a dwarf
    16 | D:1      | Noticed a draconian
    18 | D:1      | Noticed a felid
    18 | D:1      | Noticed a naga
    20 | D:1      | Noticed a merfolk
    20 | D:1      | Noticed a vampire
    22 | D:1      | Noticed a gargoyle
    22 | D:1      | Noticed a demonspawn
    24 | D:1      | Noticed a demigod
    24 | D:1      | Noticed a spriggan
   919 | D:1      | Reached XP level 2. HP: 25/25 MP: 2/2
  1428 | D:2      | Identified the +5 hunting sling "Nepevuwi" {vorpal, rElec}
  1567 | D:2      | Identified a scroll of acquirement
  1567 | D:2      | Acquired the +0 kite shield of Noughts and Crosses {rPois
                  | rF+ Int+4}
  1689 | D:2      | Reached XP level 3. HP: 31/31 MP: 3/3
  1702 | D:2      | Found a faded altar of an unknown god.
  2130 | D:2      | Reached skill level 4 in Long Blades
  2345 | D:3      | Reached XP level 4. HP: 37/37 MP: 4/4
  2368 | D:3      | HP: 1/37 [poisoned by an orc priest]
  2368 | D:3      | Slain by an orc priest

Illustrated notes

Levels and vault maps discovered:
D:1:      kb_arrival_jail, layout_basic
D:2:      layout_rooms, shapermc_ecumenical_altar_acropolis
D:3:      kennysheep_goblin_castle, layout_loops_ring, bloody_trog,
          nicolae_elyvilon_temple_path, kennysheep_generic_room_2

Skill      XL: |  1  2  3 |
---------------+----------+-----
Armour         | 2 |  2.0
Long Blades    | 4 |  4.0
Fighting       | |  3.4
Dodging        | |  1.7
Shields        | |  0.8

Action                   |  1- 3 |  4- 6 || total
-------------------------+-------+-------++-------
Melee: Falchion          |    89 |    14 ||   103
       Tailslap          |    10 |     1 ||    11
Invok: Berserk           |     1 |       ||     1
 Abil: Rolling Charge    |     1 |     3 ||     4
  Use: Scroll            |     4 |       ||     4
       Potion            |       |     1 ||     1
Armor: Chain mail        |    36 |    17 ||    53
       Animal skin       |     2 |       ||     2
Dodge: Dodged            |    17 |     4 ||    21
Block: Kite shield       |     3 |     5 ||     8
